 Dungeon Crawl Stone Soup version 0.26-a0-682-g294304f6e8 (webtiles) character file.

Game seed: 2916309814372467786

1396 Kinoniko the Spear-Bearer (level 8, 0/87 HPs)
             Began as an Ogre Gladiator on Oct 20, 2020.
             Was a Follower of Okawaru.
             Slain by a gnoll
             ... wielding a +1 halberd of electrocution
              (14 damage)
             ... in a bailey.
             The game lasted 00:13:09 (8958 turns).

Kinoniko the Spear-Bearer (Ogre Gladiator)          Turns: 8958, Time: 00:13:11

Health: 0/87       AC:  5    Str: 21    XL:     8   Next: 68%
Magic:  8/8        EV: 10    Int:  9    God:    Okawaru [*.....]
Gold:   454        SH:  0    Dex: 10    Spells: 7/7 levels left

rFire    . . .     SeeInvis .   E - +3 halberd (elec)
rCold    + . .     Faith    .   (shield currently unavailable)
rNeg     . . .     Spirit   .   b - +0 robe
rPois    .         Reflect  .   c - +0 hat
rElec    .         Harm     .   (no cloak)
rCorr    .         Rampage  .   (gloves unavailable)
MR       .....     Clarity  +   (boots unavailable)
Stlth    +.........             h - amulet of the acrobat
HPRegen  0.24/turn              y - ring of protection from cold
MPRegen  0.11/turn              e - ring of wizardry

@: lethally poisoned (0 -> -31), hasted, very quick
A: large, unfitting armour, molten scales 1, clarity, tough skin 1
a: Heroism, Renounce Religion


You were in a bailey.
You worshipped Okawaru.
Okawaru was aware of your devotion.
You visited 2 branches of the dungeon, and saw 9 of its levels.
You also visited: Bailey.

You collected 454 gold pieces.

Inventory:

Hand Weapons
 a - a +0 trident
 C - a +0 halberd of electrocution
 E - a +3 halberd of electrocution (weapon)
Missiles
 d - 3 throwing nets
 i - 100 stones
 s - 36 sling bullets
 v - 53 boomerangs (quivered)
Armour
 b - a +0 robe (worn)
 c - a +0 hat (worn)
 t - a +0 kite shield
Jewellery
 e - a ring of wizardry (right hand)
 f - an uncursed ring of flight
 g - an uncursed amulet of reflection
 h - an amulet of the acrobat (around neck)
 r - an uncursed ring of protection from cold
 y - a ring of protection from cold (left hand)
Wands
 l - a wand of polymorph (10)
Scrolls
 j - a scroll of remove curse
 q - 3 scrolls of teleportation
 w - a scroll of fog
Potions
 m - a potion of berserk rage {unknown}
 n - 2 potions of brilliance
 o - a potion of flight {unknown}
 p - a potion of stabbing {unknown}
 x - 2 potions of resistance {unknown}
 z - 5 potions of invisibility {unknown}
 A - a potion of lignification
 D - 5 potions of magic {unknown}


   Skills:
 + Level 7.2 Fighting
 * Level 8.0 Polearms
 + Level 5.5 Throwing
 - Level 2.6 Dodging


You had 7 spell levels left.
You didn't know any spells.
Your spell library contained the following spells:

 Spells                   Type           Power        Failure   Level
 Animate Skeleton         Necr           #.....       16%         1
 Apportation              Tloc           #.....       16%         1
 Corona                   Hex            #......      16%         1
 Shock                    Conj/Air       #...         16%         1
 Summon Small Mammal      Summ           #...         16%         1
 Swiftness                Air            #.......     24%         2
 Static Discharge         Conj/Air       #.......     43%         3
 Airstrike                Air            #.........   82%         4
 Lightning Bolt           Conj/Air       #.........   98%         5


Dungeon Overview and Level Annotations

Branches:
Dungeon (8/15)             Temple (1/1) D:6          Bailey (1/1)
   Lair: D:8-11

Altars:
Ashenzari
Cheibriados
Dithmenos
Fedhas
Gozag
Hepliaklqana
Kikubaaqudgha
Makhleb
Nemelex Xobeh
Okawaru
Qazlal
Ru
Sif Muna
Trog
Uskayaw
Vehumet
Wu Jian
Xom
Yredelemnul
Zin
The Shining One

Annotations:
D:5 1 runed translucent door


Innate Abilities, Weirdness & Mutations

You are too large for most types of armour.
You have tough skin. (AC +1)
You are partially covered in molten scales. (AC +2)
You possess an exceptional clarity of mind.


Message History

You feel yourself speed up.
You feel sick.
The orc knight hits you with a +3 battleaxe of venom!!!
* * * LOW HITPOINT WARNING * * *
You are more poisoned.
The gnoll misses you.
Okay, then.
u - a potion of heal wounds
* * * LOW HITPOINT WARNING * * *
You feel very sick. The orc knight misses you. The gnoll misses you.
You feel much better.
You feel very sick.
You feel better. The gnoll misses you.
The orc knight hits you with a +3 battleaxe of venom!!
* * * LOW HITPOINT WARNING * * *
You are lethally poisoned!
The gnoll hits you from afar with a +1 halberd of electrocution.
* * * LOW HITPOINT WARNING * * *
You are electrocuted!
You die...

#.'..⌠..'.#.'..∩..'.
###.....#####.....##
##†....# ##.....##
##'##'##'###'##'##'#
#.###.# #.#.###.###.
#'# ### #### ### ##
#.## # #g#g#
##'##'##'# #'#
##@()..# #K. #.o)..#
og '.gg..'.#
##.....### #.....#
'##'##'# # .# #.' ##
##


You could see an orc knight (strong) and 2 gnolls.

Vanquished Creatures
  A water moccasin (D:7)
  An orc warrior (D:6)
  3 ogres
  A centaur (D:8)
  A bullfrog (D:7)
  A scorpion (D:8)
  5 wights (D:7)
  A hound (D:3)
  A centaur skeleton (D:4)
  3 iguanas
  An orc wizard (D:4)
  3 worker ants
  A howler monkey zombie (D:7)
  11 gnolls (Bailey)
  6 adders
  2 white imps
  An ufetubus (D:8)
  2 adder skeletons
  2 adder zombies (D:6)
  3 worms
  A dart slug (D:4)
  2 leopard geckos (D:4)
  9 orcs
  12 giant cockroaches
  12 goblins
  8 hobgoblins
  6 jackals
  3 quokkas
  2 bats (D:1)
  3 frilled lizards
  A jackal skeleton (D:7)
  17 kobolds
  A leopard gecko skeleton (D:6)
  A quokka skeleton (D:5)
  5 rats
133 creatures vanquished.

Vanquished Creatures (others)
  5 fungi (D:8)
  4 plants (D:8)
9 creatures vanquished.

Grand Total: 142 creatures vanquished

Notes
Turn   | Place    | Note
-------+----------+-------------------------------------------
     0 | D:1      | Kinoniko the Ogre Gladiator began the quest for the Orb.
     0 | D:1      | Reached XP level 1. HP: 22/22 MP: 1/1
   301 | D:1      | Reached XP level 2. HP: 29/29 MP: 2/2
   988 | D:2      | Found an opulent altar of Gozag.
  1001 | D:2      | Reached XP level 3. HP: 37/37 MP: 3/3
  2176 | D:3      | Reached skill level 4 in Polearms
  2176 | D:3      | Reached XP level 4. HP: 46/46 MP: 4/4
  2233 | D:3      | Found a burning altar of Makhleb.
  2854 | D:4      | Reached XP level 5. HP: 45/54 MP: 5/5
  2922 | D:4      | HP: 2/54 [iguana (7)]
  3887 | D:4      | Noticed an ogre
  3895 | D:4      | Killed an ogre
  3895 | D:4      | Reached skill level 5 in Polearms
  3895 | D:4      | Reached XP level 6. HP: 33/65 MP: 6/6
  4135 | D:4      | Reached skill level 5 in Fighting
  4766 | D:5      | Entered Level 5 of the Dungeon
  4771 | D:5      | Reached XP level 7. HP: 72/72 MP: 7/7
  5187 | D:5      | Found a runed translucent door.
  5490 | D:6      | Reached skill level 6 in Polearms
  5522 | D:6      | Gained mutation: You possess an exceptional clarity of
                  | mind. [potion of mutation]
  5522 | D:6      | Gained mutation: You are partially covered in molten
                  | scales. (AC +2) [potion of mutation]
  5911 | D:6      | Found a staircase to the Ecumenical Temple.
  5920 | Temple   | Entered the Ecumenical Temple
  5959 | Temple   | Became a worshipper of Warmaster Okawaru
  6453 | D:6      | Found a snail-covered altar of Cheibriados.
  6453 | D:6      | Found a stormy altar of Qazlal.
  7053 | D:7      | Reached XP level 8. HP: 56/83 MP: 8/8
  7063 | D:7      | Reached skill level 7 in Polearms
  7307 | D:7      | Reached skill level 5 in Throwing
  7597 | D:7      | Reached * piety under Okawaru
  8415 | D:8      | Found a flagged portal.
  8441 | Bailey   | Entered a bailey
  8780 | Bailey   | Noticed an orc knight
  8809 | Bailey   | Reached skill level 8 in Polearms
  8958 | Bailey   | Slain by a gnoll

Illustrated notes

Levels and vault maps discovered:
D:1:      dpeg_arrival_tiny_d, layout_basic, corexii_corridor_pit
D:2:      minmay_roachtagon, layout_rooms, lemuel_doored_altar, serial_forest,
          infiniplex_forest_straight_2, infiniplex_forest_lined_3,
          infiniplex_forest_lined_room_2, infiniplex_forest_clump_large,
          infiniplex_forest_straight_2, infiniplex_forest_clump_diagonal,
          infiniplex_forest_corner_1, infiniplex_forest_clump_double,
          minmay_tetromino_s4
D:3:      layout_loops_ring, makhleb_heckhound_becter
D:4:      layout_loops_ring
D:5:      layout_rooms, grunt_decor_one_mirror, lightli_church_of_beogh
D:6:      layout_loops_cross, chequers_temple_overflow_statue_of_worship,
          minmay_temple_entry_offerings, grunt_ministairs_1
D:7:      layout_loops_ring
D:8:      layout_basic, dpeg_oklobed_lair, enter_bailey_3, serial_park_tiny_1
Temple:   minmay_crystal_spiral_temple
Bailey:   bailey_axe_2, bailey

Skill      XL: |  1  2  3  4  5  6  7  8 |
---------------+-------------------------+-----
Fighting       | 3 4 5 6 7 |  7.2
Polearms       | 4 5 6 8 |  8.0
Throwing       | 3 4 5 |  5.5
Dodging        | |  2.6

Action                   |  1- 3 |  4- 6 |  7- 9 || total
-------------------------+-------+-------+-------++-------
Melee: Trident           |   128 |   114 |   150 ||   392
       Halberd           |       |       |    34 ||    34
Throw: Stone             |    48 |    24 |       ||    72
       Boomerang         |       |    14 |    74 ||    88
Invok: Heroism           |       |       |     1 ||     1
  Use: Scroll            |       |     4 |     7 ||    11
       Potion            |       |     3 |    10 ||    13
 Stab: Sleeping          |     2 |       |     2 ||     4
Armor: Robe              |    43 |    10 |    28 ||    81
       Skin              |       |       |     6 ||     6
Dodge: Dodged            |    82 |    62 |   114 ||   258

Table legend: (Time is in decaauts)
 A = Elapsed time spent in this place.
 B = Non-inter-level travel time spent in this place.
 C = Inter-level travel time spent in this place.
 D = Time resting spent in this place.
 E = Time spent auto-exploring this place.
 F = Levels seen in this place.
 G = Mean time per level.
                   A        B        C        D        E       F      G
               +--------+--------+--------+--------+--------+-----+--------+
         Total |   8987 |   8503 |    484 |   3659 |   3742 |  10 |  898.7 |
       Dungeon |   8298 |   7898 |    400 |   3310 |   3637 |   8 | 1037.2 |
        Temple |    171 |     87 |     84 |      0 |     84 |   1 |  171.0 |
        Bailey |    518 |    518 |      0 |    349 |     21 |   1 |  518.0 |
               +--------+--------+--------+--------+--------+-----+--------+

Top non-repeatable levels by time:
     D:4: 1951 daAuts
     D:6: 1234 daAuts
     D:7: 1109 daAuts
     D:2: 996 daAuts
     D:1: 992 daAuts
     D:3: 958 daAuts
     D:5: 563 daAuts
  Bailey: 518 daAuts
     D:8: 491 daAuts
  Temple: 171 daAuts
